 Dungeon Crawl Stone Soup version 0.29-a0-878-g7b45a56547 (webtiles) character file.

Game seed: 4432547245610084033

4125 Malachi the Grappler (level 10, -1/83 HPs)
             Began as a Troll Transmuter on July 20, 2022.
             Shot with an arrow by a centaur (3 damage)
             ... on level 7 of the Dungeon.
             The game lasted 00:12:58 (6973 turns).

Malachi the Grappler (Troll Transmuter)             Turns: 6973, Time: 00:12:59

Health: -1/83      AC:  9    Str: 20    XL:     10   Next: 6%
Magic:  10/10      EV:  9    Int: 19    God:
Gold:   559        SH:  0    Dex: 10    Spells: 7/11 levels left

rFire   . . .      SeeInvis .     - Unarmed
rCold   . . .      Faith    .   (no shield)
rNeg    . . .      Spirit   .   H - +1 steam dragon scales
rPois   .          Reflect  .   (helmet restricted)
rElec   .          Harm     .   y - +0 cloak
rCorr   .          Rampage  .   (gloves unavailable)
Will    .....                   (boots unavailable)
Stlth   +.........              l - amulet of magic regeneration
HPRegen 1.03/turn               g - ring of wizardry
MPRegen 0.52/turn               s - +6 ring of intelligence

@: no status effects
A: large, unfitting armour, claws 3, regeneration 1, shaggy fur 1, tough skin 1
a: no special abilities


You were on level 7 of the Dungeon.
You visited 2 branches of the dungeon, and saw 9 of its levels.

You collected 559 gold pieces.

Inventory:

Missiles
 a - 3 throwing nets
Armour
 y - a +0 cloak (worn)
 H - +1 steam dragon scales (worn)
Jewellery
 e - the ring "Jovirath" {rF+ Will+++ Str-3 Int-2 Stlth+}
   (You found it on level 7 of the Dungeon)

   [ring of protection from fire]

   Str:       It affects your strength (-3).
   Int:       It affects your intelligence (-2).
   rF:        It protects you from fire.
   Will:      It greatly increases your willpower.
   Stlth:     It makes you more stealthy.
 g - a ring of wizardry (left claw)
 l - an amulet of magic regeneration (around neck)
 s - a +6 ring of intelligence (right claw)
 v - a ring of flight
 A - a +6 ring of intelligence
Wands
 t - a wand of acid (7)
 w - a wand of mindburst (14)
 F - a wand of flame (15)
Scrolls
 c - a scroll of poison {unknown}
 j - 3 scrolls of vulnerability
 m - a scroll of amnesia
 r - 4 scrolls of teleportation
 z - 2 scrolls of enchant armour
Potions
 b - 2 potions of lignification
 d - 4 potions of curing {unknown}
 f - 2 potions of invisibility
 h - 3 potions of flight {unknown}
 k - 3 potions of might {unknown}
 n - a potion of degeneration {unknown}
 o - a potion of mutation {unknown}
 q - 5 potions of heal wounds {unknown}
 u - 3 potions of berserk rage {unknown}
 x - 2 potions of brilliance {unknown}
 C - a potion of ambrosia {unknown}
 D - a potion of resistance {unknown}
 E - a potion of haste {unknown}


   Skills:
 - Level 0.7 Fighting
 - Level 1.5 Dodging
 - Level 13.1 Unarmed Combat
 - Level 1.2 Spellcasting
 * Level 5.3 Transmutations


You had 7 spell levels left.
You knew the following spells:

 Your Spells              Type           Power      Damage    Failure   Level
a - Beastly Appendage     Tmut           42%        N/A       1%          1
b - Spider Form           Tmut/Pois      11%        N/A       8%          3

Your spell library contained the following spells:

 Spells                   Type           Power      Damage    Failure   Level
 Wereblood                Tmut           21%        N/A       1%          2
 Apportation              Tloc           2%         N/A       8%          1
 Magic Dart               Conj           4%         1d3       8%          1
 Necrotise                Necr           4%         1d4       8%          1
 Summon Small Mammal      Summ           4%         N/A       8%          1
 Call Imp                 Summ           1%         N/A       12%         2
 Mephitic Cloud           Conj/Pois/Air  1%         N/A       22%         3
 Summon Guardian Golem    Hex/Summ       1%         N/A       22%         3
 Ice Form                 Ice/Tmut       11%        N/A       24%         4
 Orb of Destruction       Conj           0%         9d5       100%        7
 Spellforged Servitor     Conj/Summ      0%         N/A       100%        7


Dungeon Overview and Level Annotations

Branches:
Dungeon (8/15)             Temple (1/1) D:6
   Lair: D:8-11

Altars:
Ashenzari
Cheibriados
Fedhas
Gozag
Makhleb
Nemelex Xobeh
Okawaru
Ru
Sif Muna
Trog
Uskayaw
Wu Jian
Xom
Yredelemnul
Zin
The Shining One

Shops:
D:4 ?


Innate Abilities, Weirdness & Mutations

You are too large for most types of armour.
You have claws for hands.
Your natural rate of healing is unusually fast.
You are covered in fur. (AC +1)
You have tough skin. (AC +1)


Message History

The centaur kicks you but does no damage.
The orc hits you but does no damage.
The orc warrior hits you from afar with a +0 halberd!
You mangle the centaur!!
The centaur is almost dead.
The centaur hits you. The centaur kicks you. The orc hits you with a +0 club.
The orc warrior completely misses you.
You are too injured to fight recklessly!
You are too injured to fight recklessly!
You are too injured to fight recklessly!
You are too injured to fight recklessly!
The centaur attacks as you move away!
The centaur unwields a +0 shortbow.
The centaur hits you but does no damage.
The centaur kicks you but does no damage.
The centaur wields a +0 shortbow.
The centaur shoots an arrow.
The arrow hits you.
The centaur wields a +0 shortbow.
The centaur shoots an arrow.
The arrow barely misses you.
The centaur shoots an arrow.
The arrow hits you!
There is an open door, spattered with blood here.
The centaur shoots an arrow.
The arrow barely misses you.
The centaur shoots an arrow.
The arrow hits you.
The centaur shoots an arrow.
The arrow barely misses you.
Things that are here:
a +0 club; a +0 robe The centaur shoots an arrow.
The arrow barely misses you.
The centaur shoots an arrow.
The arrow hits you.
* * * LOW HITPOINT WARNING * * *
The centaur shoots an arrow.
The arrow hits you!
* * * LOW HITPOINT WARNING * * *
The centaur shoots an arrow.
The arrow hits you.
* * * LOW HITPOINT WARNING * * *
There is an open door here.
You see here a book of Transfigurations.
Something appears at your feet!
The centaur shoots an arrow.
The arrow hits you.
* * * LOW HITPOINT WARNING * * *
The centaur shoots an arrow.
The arrow hits you.
* * * LOW HITPOINT WARNING * * *
The centaur shoots an arrow.
The arrow hits you.
You die...

#..##. ###### #..#..
#....#######.....
#'##......##..#..
##..######.....##.
#....##..###......
####....'.)..##....##
##..##..##....#.....#.
#....@#####..####.....
#....## $)##'#..##..#.
##))## ....##....#..##
##'## o.... +....#....
##cc##...8.. ##..##....
#.o.oo...... ##'##.....
#....##.....##.)##.....
##.)#'## )(##....##....
####..#####'....##....


You could see 2 centaurs and an orc.

Vanquished Creatures
  The ghost of Str4fe the Covered, a novice MiFi (D:5)
  Maggie (D:6)
  Prince Ribbit (D:7)
  A steam dragon (D:6)
  Menkaure (D:7)
  A water moccasin (D:7)
  An orc warrior (D:7)
  A sky beast (D:7)
  2 ice beasts
  4 centaurs
  3 ogres
  2 phantoms
  Blork the orc (D:6)
  2 gnoll sergeants
  A wyvern zombie (D:5)
  3 necrophages
  2 scorpions
  A wight (D:7)
  A water moccasin skeleton (D:5)
  A howler monkey (D:5)
  2 bullfrog zombies (D:5)
  8 hounds
  3 jellies
  3 gnoll boudas
  4 orc priests
  5 iguanas
  4 orc wizards
  Natasha (D:2)
  12 gnolls
  8 adders
  2 shadow imps (D:7)
  3 white imps
  2 ufetubi (D:6)
  An adder zombie (D:5)
  3 worms
  5 dart slugs
  20 orcs
  4 endoplasms
  2 giant cockroaches
  5 goblins
  A hobgoblin (D:4)
  2 jackals (D:4)
  7 kobolds
  9 ball pythons
  2 bats
  5 frilled lizards
  2 goblin skeletons (D:7)
  2 goblin zombies (D:7)
  2 hobgoblin zombies (D:7)
  An orc skeleton (D:7)
  8 rats
169 creatures vanquished.

Vanquished Creatures (others)
  An orc wizard (D:6)
1 creature vanquished.

Grand Total: 170 creatures vanquished

Notes
Turn   | Place    | Note
-------+----------+-------------------------------------------
     0 | D:1      | Malachi the Troll Transmuter began the quest for the Orb.
     0 | D:1      | Reached XP level 1. HP: 18/18 MP: 1/1
   213 | D:1      | Reached XP level 2. HP: 26/26 MP: 2/2
   337 | D:1      | Found a faded altar of an unknown god.
   846 | D:2      | Reached skill level 4 in Unarmed Combat
  1013 | D:2      | Reached XP level 3. HP: 32/32 MP: 3/3
  1316 | D:2      | Noticed Natasha
  1320 | D:2      | Killed Natasha
  1432 | D:3      | Reached XP level 4. HP: 40/40 MP: 4/4
  1451 | D:3      | Reached skill level 5 in Unarmed Combat
  2306 | D:4      | Found an opulent altar of Gozag.
  2332 | D:4      | Reached XP level 5. HP: 44/46 MP: 5/5
  2341 | D:4      | Reached skill level 6 in Unarmed Combat
  2498 | D:4      | Found Ifosaaho's Magic Scroll Shop.
  2553 | D:4      | Noticed a phantom
  2571 | D:4      | Killed a phantom
  2572 | D:4      | Reached skill level 7 in Unarmed Combat
  2572 | D:4      | Reached XP level 6. HP: 54/54 MP: 6/6
  2930 | D:5      | Entered Level 5 of the Dungeon
  3020 | D:5      | Reached skill level 8 in Unarmed Combat
  3020 | D:5      | Reached XP level 7. HP: 42/61 MP: 7/7
  3129 | D:5      | Found a runed translucent door.
  3131 | D:5      | Noticed Str4fe's ghost (novice MiFi)
  3151 | D:5      | Killed Str4fe's ghost
  3152 | D:5      | Reached skill level 9 in Unarmed Combat
  3319 | D:5      | Reached XP level 8. HP: 63/68 MP: 8/8
  3354 | D:5      | Reached skill level 10 in Unarmed Combat
  3838 | D:5      | Found an ornate altar of the Wu Jian Council.
  3910 | D:6      | Reached skill level 11 in Unarmed Combat
  3918 | D:6      | Found a basalt altar of Yredelemnul.
  3922 | D:6      | Noticed Blork the orc
  3942 | D:6      | Killed Blork the orc
  3963 | D:6      | Found a staircase to the Ecumenical Temple.
  4357 | D:6      | Reached skill level 12 in Unarmed Combat
  4448 | D:6      | Noticed Maggie
  4463 | D:6      | Killed Maggie
  4464 | D:6      | Reached XP level 9. HP: 42/75 MP: 9/9
  4796 | D:6      | Reached skill level 13 in Unarmed Combat
  4964 | Temple   | Entered the Ecumenical Temple
  5063 | D:6      | Identified a scroll of acquirement
  5600 | D:6      | Learned a level 3 spell: Spider Form
  5783 | D:7      | Found a bloodstained altar of Trog.
  5786 | D:7      | Identified the ring "Jovirath" {rF+ Will+++ Str-3 Int-2
                  | Stlth+}
  6249 | D:7      | Noticed Menkaure
  6255 | D:7      | Killed Menkaure
  6580 | D:7      | Found a broken altar of Ashenzari.
  6696 | D:7      | Noticed Prince Ribbit
  6710 | D:7      | Killed Prince Ribbit
  6784 | D:7      | Found a glowing golden altar of the Shining One.
  6897 | D:7      | Reached skill level 5 in Transmutations
  6916 | D:7      | Reached XP level 10. HP: 82/83 MP: 10/10
  6973 | D:7      | Acquired a book of Transfigurations
  6973 | D:7      | HP: 3/83 [centaur/arrow (5)]
  6973 | D:7      | Shot with an arrow by a centaur

Illustrated notes

Levels and vault maps discovered:
D:1:      evilmike_arrival_hilbert_curve, layout_basic,
          hellmonk_ecumenical_altar_arch_garden, minmay_liquid_box
D:2:      layout_loops_ring, uniq_natasha
D:3:      layout_basic, serial_rivers, chequers_serial_rivers_micro_d,
          chequers_serial_rivers_micro_c, chequers_serial_rivers_micro_b,
          chequers_serial_rivers_micro_c, chequers_serial_rivers_large_b,
          chequers_serial_rivers_small_b, minmay_misc_feat_hallway,
          minmay_misc_feat_diagonals
D:4:      layout_rooms, lemuel_tele_altar, serial_corexii_hall,
          chequers_hall_statues_corner_a, corexii_hall_statues_x, serial_shops,
          nicolae_shop_behind_doors
D:5:      layout_gridville, pdpol_wu_jian_five_deadly_venoms,
          ebering_ghost_reflecting_pool, serial_undead, serial_undead_c,
          serial_undead_c, serial_undead_b, serial_undead_a
D:6:      minmay_chambers_of_threes, layout_basic, mainiacjoe_overflow_catwalk,
          minmay_temple_entry_large_hall, uniq_blork_the_orc, uniq_maggie
D:7:      minmay_bubble_buster, layout_cave_pools, nicolae_tso_besieged_by_evil,
          nicolae_overflow_crystal_walls, marbit_many_paths,
          hangedman_decor_clover_reticule, uniq_menkaure, uniq_prince_ribbit1
D:8:      layout_basic, mainiacjoe_overflow_boulevard,
          mainiacjoe_overflow_24_doors, serial_park_tiny_pond
Temple:   eino_wide_crystal_templ

Skill      XL: |  1  2  3  4  5  6  7  8  9 |
---------------+----------------------------+-----
Unarmed Combat | 4 5 7 8 9 12 13 | 13.1
Transmutations | 5 |  5.3
Fighting       | |  0.7
Dodging        | |  1.5
Spellcasting   | |  1.2

Action                   |  1- 3 |  4- 6 |  7- 9 | 10-12 || total
-------------------------+-------+-------+-------+-------++-------
Melee: Unarmed           |    75 |   139 |   264 |    17 ||   495
       Punch             |       |     2 |    13 |       ||    15
       Kick              |       |       |     3 |       ||     3
       Headbutt          |       |       |     3 |       ||     3
 Cast: Beastly Appendage |       |       |     4 |       ||     4
  Use: Scroll            |       |       |    10 |     1 ||    11
 Stab: Sleeping          |       |     1 |     1 |       ||     2
Armor: Robe              |    24 |    37 |    33 |       ||    94
       Steam dragon scal |       |       |    62 |    15 ||    77
Dodge: Dodged            |    24 |    51 |    95 |    17 ||   187

Table legend: (Time is in decaauts)
 A = Elapsed time spent in this place.
 B = Non-inter-level travel time spent in this place.
 C = Inter-level travel time spent in this place.
 D = Time resting spent in this place.
 E = Time spent auto-exploring this place.
 F = Levels seen in this place.
 G = Mean time per level.
                   A        B        C        D        E       F      G
               +--------+--------+--------+--------+--------+-----+--------+
         Total |   6920 |   6175 |    745 |   1018 |   3935 |   9 |  768.9 |
       Dungeon |   6847 |   6124 |    723 |   1018 |   3891 |   8 |  855.9 |
        Temple |     72 |     51 |     21 |      0 |     44 |   1 |   72.0 |
               +--------+--------+--------+--------+--------+-----+--------+

Top non-repeatable levels by time:
     D:6: 2032 daAuts
     D:5: 1126 daAuts
     D:3: 886 daAuts
     D:1: 818 daAuts
     D:7: 748 daAuts
     D:4: 634 daAuts
     D:2: 599 daAuts
  Temple: 72 daAuts
     D:8: 1 daAuts
